Map: Oxide LE

Players

Jashuwa

  • Race: Terran Terran
  • League: Diamond
  • Spawn Location: 1:00

DeathByToss - Winner!

  • Race: Protoss Protoss
  • Spawn Location: 7:00

VOD

Have the link to the VOD?

Description

Time

  • Played on: Jan. 29, 2021, 10:11 p.m.
  • Length: 12:07
Show
View Real Time Build Order
Export as new Build Order

Jashuwa Terran 

Build Orders:  

Get SALT Encoding   

  12  0:00  SCV  
  13  0:12  SCV  
  14  0:18  Supply Depot  
  14  0:24  SCV  
  15  0:39  SCV  
  15  0:41  Barracks  
  16  0:46  Refinery  
  16  0:51  SCV  
  17  1:03  SCV  
  18  1:15  SCV  
  19  1:29  Marine  
  19  1:31  Supply Depot  
  19  1:32  Orbital Command  
  20  1:49  Factory  
  20  2:00  SCV  
  21  2:06  Barracks Reactor  
  21  2:12  SCV  
  22  2:24  SCV  
  23  2:36  SCV  
  24  2:38  Command Center  
  24  2:49  Bunker, Factory Tech Lab  
  24  2:54  Marine, SCV  
  24  2:57  Marine  
  27  3:07  SCV  
  31  3:26  Supply Depot  
  31  3:31  Refinery  
  31  3:37  Marine  
  31  3:39  Marine  
  29  3:42  Cyclone  
  31  3:55  Marine  
  32  4:03  SCV  
  33  4:13  Marine  
  33  4:14  Marine, Cyclone  
  36  4:31  Supply Depot  
  34  4:32  Engineering Bay  
  34  4:41  Marine  
  35  4:46  Cyclone  
  34  4:57  SCV  
  34  4:59  Marine  
  36  5:00  Starport  
  35  5:09  SCV  
  35  5:12  Missile Turret  
  36  5:15  Missile Turret  
  36  5:20  Factory Tech Lab  
  36  5:36  SCV  
  36  5:37  Barracks  
  36  5:39  Viking  
  36  5:41  Cyclone  
  42  5:46  Supply Depot  
  42  5:48  Missile Turret, SCV  
  42  6:00  SCV  
  43  6:08  Viking  
  43  6:09  Terran Infantry Weapons Level 1  
  43  6:10  SCV  
  46  6:13  Cyclone  
  46  6:16  Missile Turret  
  49  6:29  Marine  
  50  6:38  Viking, SCV x2  
  54  6:44  Missile Turret  
  45  7:54  Command Center  
  45  7:58  Missile Turret  
  45  8:05  SCV, Cyclone  
  47  8:06  Supply Depot x2  
  47  8:09  Viking  
  47  8:11  Barracks Tech Lab  
  51  8:17  SCV  
  52  8:29  SCV  
  53  8:38  Marine, Cyclone, Stimpack  
  57  8:41  SCV  
  58  8:53  SCV  
  59  8:56  Marine  
  59  8:57  Barracks x2, Terran Infantry Armor Level 1  
  59  9:00  Supply Depot  
  60  9:06  Starport Reactor, SCV  
  61  9:10  Orbital Command  
  61  9:18  SCV  
  61  9:20  Cyclone  
  65  9:27  Refinery  
  65  9:30  SCV  
  66  9:38  SCV  
  66  9:42  SCV  
  68  9:45  Barracks Tech Lab  
  68  9:46  Barracks Reactor  
  68  9:50  SCV  
  68  9:55  Refinery  
  68  9:59  SCV  
  69  10:00  Viking x2  
  69  10:05  Marine x2, Combat Shield  
  69  10:07  Starport  
  75  10:10  SCV  
  76  10:17  Cyclone  
  76  10:19  Supply Depot  
  79  10:23  Marine x2  
  79  10:27  SCV  
  82  10:33  Medivac  
  82  10:34  Medivac  
  86  10:37  Supply Depot x2  
  86  10:46  Marine x3  
  86  10:47  Marine  
  90  11:00  SCV  
  91  11:04  Command Center, Marine  
  92  11:18  Viking x2  
  94  11:19  Marine  
  94  11:21  SCV  
  98  11:28  SCV  
  98  11:38  Marauder x2, Marine x2  
  98  11:39  SCV  
  105  11:45  Supply Depot  
  105  11:49  SCV  
Show
View Real Time Build Order
Export as new Build Order

DeathByToss Protoss - Winner!

Build Orders: Proxy Void Ray 

Get SALT Encoding   

  12  0:00  Probe  
  13  0:12  Probe  
  14  0:25  Pylon, Probe  
  15  0:43  Probe, Gateway  
  15  0:48  Assimilator  
  16  0:53  Pylon  
  16  0:56  Probe  
  17  1:11  Gateway  
  17  1:12  Probe  
  17  1:18  Assimilator  
  18  1:27  Pylon  
  18  1:38  Cybernetics Core  
  18  1:48  Pylon  
  18  1:49  Probe  
  18  2:03  Probe  
  19  2:16  Stargate  
  19  2:19  Adept (Chrono Boost)  
  21  2:24  Probe  
  21  2:27  Pylon  
  22  2:36  Probe  
  23  2:41  Adept  
  25  2:53  Void Ray (Chrono Boost)  
  25  2:54  Shield Battery  
  25  2:55  Shield Battery  
  29  3:10  Probe  
  30  3:20  Void Ray (Chrono Boost)  
  30  3:26  Probe  
  35  3:33  Pylon  
  33  3:50  Void Ray (Chrono Boost)  
  33  3:59  Shield Battery  
  34  4:23  Probe, Void Ray (Chrono Boost)  
  39  4:43  Probe  
  40  4:55  Probe  
  41  5:07  Shield Battery x2, Probe  
  41  5:10  Pylon  
  42  5:17  Nexus  
  42  5:19  Probe  
  43  5:28  Void Ray  
  43  5:31  Probe  
  48  5:36  Stargate, Warp Gate (Chrono Boost)  
  48  5:43  Probe  
  49  5:55  Probe  
  50  6:01  Pylon  
  50  6:11  Probe  
  51  6:24  Void Ray x2 (Chrono Boost)  
  59  6:35  Shield Battery  
  59  6:46  Probe x2  
  61  6:54  Void Ray (Chrono Boost)  
  61  6:58  Probe  
  61  7:00  Probe  
  63  7:03  Void Ray (Chrono Boost)  
  67  7:10  Shield Battery, Probe  
  67  7:12  Probe  
  69  7:17  Shield Battery  
  69  7:19  Pylon  
  65  7:33  Void Ray (Chrono Boost)  
  65  7:34  Probe  
  65  7:35  Nexus  
  65  7:36  Probe  
  71  7:43  Pylon  
  71  7:45  Adept  
  71  7:47  Probe  
  71  7:48  Probe  
  75  7:55  Gateway  
  75  7:59  Probe  
  75  8:01  Probe  
  75  8:04  Assimilator  
  77  8:07  Assimilator  
  77  8:08  Pylon  
  77  8:10  Robotics Facility  
  77  8:15  Probe x2  
  77  8:19  Adept  
  81  8:24  Gateway  
  81  8:32  Probe x2  
  83  8:43  Adept  
  85  8:49  Pylon  
  85  8:51  Adept  
  85  8:53  Probe x2  
  85  8:55  Probe  
  90  8:59  Immortal (Chrono Boost)  
  94  9:05  Probe x2  
  94  9:09  Pylon  
  96  9:11  Probe, Gateway  
  97  9:17  Probe x2  
  97  9:22  Assimilator  
  99  9:29  Assimilator  
  99  9:30  Twilight Council, Observer (Chrono Boost)  
  100  9:34  Zealot  
  100  9:36  Sentry  
  104  9:40  Pylon  
  104  9:43  Immortal (Chrono Boost)  
  108  9:55  Pylon  
  108  10:00  Pylon, Charge (Chrono Boost)  
  108  10:01  Zealot x3  
  114  10:14  Pylon, Nexus  
  114  10:25  Probe  
  114  10:26  Probe x2  
  114  10:27  Zealot x3  
  114  10:28  Zealot  
  125  10:32  Observer  
  126  10:37  Pylon  
  126  10:40  Gateway  
  126  10:55  Zealot x2  
  126  10:56  Robotics Bay, Zealot  
  132  10:57  Robotics Facility  
  132  11:07  Zealot  
  134  11:12  Gateway  
  134  11:14  Immortal (Chrono Boost)  
  138  11:19  Forge  
  138  11:21  Forge  
  138  11:28  Zealot x3  
  138  11:30  Probe  
  145  11:39  Stalker  
  147  11:44  Stalker  
Tags
 
League
Diamond
Matchup
PvT
Spawn Locations
Cross Positions
Add a new tag
Caveats
  • Supply blocks, unpowered buildings, or Contaminate may cause inaccurate times.
  • Supply counts are checked every 10 seconds.